 Dungeon Crawl Stone Soup version 0.30.1-11-g7821555f0a (webtiles) character file.

Game seed: 183656487667168727

297 KyoPewz the Sneak (level 6, -4/28 HPs)
             Began as a Felid Enchanter on Jan 2, 2024.
             Slain by a spriggan
             ... wielding a +0 trident
              (7 damage)
             ... in a bailey.
             The game lasted 00:20:40 (4980 turns).

KyoPewz the Sneak (Felid Enchanter)                 Turns: 4980, Time: 00:20:40

Health: -4/28      AC:  2    Str:  4    XL:     6   Next: 12%
Magic:  2/11       EV: 19    Int: 17    God:
Gold:   318        SH:  0    Dex: 18    Spells: 0/11 levels left
                                        Lives:  0   Deaths: 2

rFire   . .          .
                       - Unarmed
rCold   . . .        (shield unavailable)
rNeg    . . .        (body armour unavailable)
rPois   .            (helmet unavailable)
rElec   .            (cloak unavailable)
rCorr   .            (gloves unavailable)
SInv    +            (boots unavailable)
Will    .....        (no amulet)
Stlth   ++++         W - ring of wizardry
HPRegen 0.24/turn    (no ring)
MPRegen 0.12/turn

%: wizardry (x1)
@: quick
A: very small, claws 1, fangs 3, see invisible, speed 1, shaggy fur 2, stealthy
paws, no weapons or thrown items, no armour, multi-lived
a: no special abilities


You were in a bailey.
You visited 1 branch of the dungeon, and saw 5 of its levels.
You also visited: Sewer and Bailey.

You collected 318 gold pieces.

Inventory:

Jewellery
 W - a ring of wizardry (left paw)
Scrolls
 b - 2 scrolls of immolation {unknown}
 f - 2 scrolls of vulnerability
 g - 2 scrolls of poison {unknown}
 h - a scroll of magic mapping
 k - 2 scrolls of teleportation {unknown}
 m - 3 scrolls of identify {unknown}
 p - a scroll of brand weapon {unknown}
 q - a scroll of fear {unknown}
 s - a scroll of acquirement {unknown}
 v - a scroll of noise {unknown}
 B - a scroll of blinking
Potions
 a - 2 potions of invisibility
 c - 2 potions of curing {unknown}
 d - 4 potions of brilliance {unknown}
 e - 2 potions of magic {unknown}
 i - 2 potions of lignification {unknown}
 j - 3 potions of might {unknown}
 l - 2 potions of degeneration {unknown}
 n - a potion of flight {unknown}
 o - a potion of resistance {unknown}
 r - 2 potions of heal wounds {unknown}
 t - a potion of attraction {unknown}
 u - a potion of berserk rage {unknown}


   Skills:
 - Level 4.0 Fighting
 - Level 5.0 Dodging
 + Level 7.4 Stealth
 - Level 4.0 Unarmed Combat
 - Level 3.0 Spellcasting
 + Level 1.6 Conjurations
 - Level 5.0 Hexes
 - Level 3.0 Ice Magic


You couldn't memorise any spells.
You knew the following spells:

 Your Spells              Type           Power      Damage    Failure   Level
a - Ensorcelled Hibernat  Hex/Ice        32%        N/A       1%          2
b - Confusing Touch       Hex            19%        N/A       2%          3
c - Tukima's Dance        Hex            19%        N/A       2%          3
d - Dazzling Flash        Conj/Hex       26%        N/A       5%          3

Your spell library contained the following spells:

 Spells                   Type           Power      Damage    Failure   Level
 Volatile Blastmotes      Fire/Tloc      4%         2d10      21%         3
 Iskenderun's Mystic Bla  Conj/Tloc      5%         2d3       43%         4
 Starburst                Conj/Fire      2%         6d3       99%         6


Dungeon Overview and Level Annotations

Branches:
Dungeon (7/15)              Sewer (visited)          Bailey (1/1)
 Temple: D:4-7

Altars:
Hepliaklqana
Sif Muna
Trog
The Shining One

Annotations:
D:4 Dowan, Duvessa


Innate Abilities, Weirdness & Mutations

You have sharp claws.
You have razor-sharp teeth.
You have supernaturally acute eyesight. (SInv)
You cover ground quickly. (Speed+)
You are covered in thick fur. (AC +2)
Your paws help you pounce on unaware monsters.
You are incapable of wielding weapons or throwing items.
You cannot wear armour.
You gain extra lives every three experience levels.


Message History

Press: ? - help, Shift-Dir - straight line, f - you, p - ogre
Okay, then.
Unknown command.
Casting: Ensorcelled Hibernation (safe; 1% risk of failure)
Confirm with . or Enter, or press ? or * to list all spells.
Aiming: Ensorcelled Hibernation (safe; 1% risk of failure)
Press: ? - help, Shift-Dir - straight line, f - you, p - ogre
Okay, then.
Unknown command.
Casting: Ensorcelled Hibernation (safe; 1% risk of failure)
Confirm with . or Enter, or press ? or * to list all spells.
Aiming: Tukima's Dance (dangerous; 2% risk of failure)
Press: ? - help, Shift-Dir - straight line, f - spriggan, p - ogre
Aim: a spriggan, wielding a +0 trident (chance to affect: 19%)
The spriggan resists with almost no effort.
You now have 3/11 mp.
Casting: Tukima's Dance (dangerous; 2% risk of failure)
Confirm with . or Enter, or press ? or * to list all spells.
Aiming: Ensorcelled Hibernation (safe; 1% risk of failure)
Press: ? - help, Shift-Dir - straight line, f/p - spriggan
Aim: a spriggan, wielding a +0 trident (chance to affect: 18%)
The spriggan resists with almost no effort.
The spriggan misses you.
You now have 1/11 mp.
Casting: Ensorcelled Hibernation (safe; 1% risk of failure)
Confirm with . or Enter, or press ? or * to list all spells.
You don't have enough magic to cast this spell.
Unknown command.
The spriggan barely misses you. The spriggan completely misses you.
The spriggan hits you from afar with a +0 trident!
Ouch! That really hurt!
* * * LOW HITPOINT WARNING * * *
You take 17 damage, and have 2/28 hp.
MASSIVE DAMAGE!!
The spriggan closely misses you.
The spriggan shouts!
The spriggan misses you. The spriggan misses you.
The spriggan closely misses you.
The spriggan hits you from afar with a +0 trident!
You die...

#....∩...∩....#
##...........##
##.........##
###~~~~~### #~~~~~#
##~~~~~##
##.....i.##
##.O....i..##
##..###♣♣♣#@.##
##..#♣.....##i.##
##..♣#....O..##..##
#.O##..♣♣~#♣..♣#..#
#.O♣ ♣. ♣♣..#).#
#..# ♣. #i.♣..#
#).# ♣ ♣..#..#
#..#. #..#..#
#..♣.. ♣♣..#..#


You could see a two-headed ogre and 3 spriggans.

Vanquished Creatures
  Grinder (D:3)
  3 ogres
  Pargi (Sewer)
  An ice beast (D:7)
  A kobold brigand (D:7)
  2 howler monkeys (D:7)
  A hound (D:4)
  An orc priest (D:4)
  A scorpion zombie (D:3)
  Terence (D:1)
  2 orc wizards (D:4)
  2 hound zombies (D:3)
  3 hound skeletons (D:3)
  5 adders
  An adder skeleton (D:3)
  A worm (D:2)
  2 dart slugs
  7 orcs
  5 bats
  4 endoplasms
  6 giant cockroaches
  6 goblins
  5 hobgoblins
  2 jackals (Sewer)
  6 quokkas
  8 ball pythons
  3 frilled lizards
  8 kobolds
  2 rats (D:1)
91 creatures vanquished.

Notes
Turn   | Place    | Note
-------+----------+-------------------------------------------
     0 | D:1      | KyoPewz the Felid Enchanter began the quest for the Orb.
     0 | D:1      | Reached XP level 1. HP: 7/7 MP: 4/4
   163 | D:1      | Reached skill level 1 in Fighting
   179 | D:1      | Reached XP level 2. HP: 12/12 MP: 6/6
   186 | D:1      | Learned a level 2 spell: Ensorcelled Hibernation
   698 | D:2      | Noticed Terence
   811 | D:1      | Killed Terence
   812 | D:1      | Reached skill level 1 in Ice Magic
   812 | D:1      | Reached XP level 3. HP: 15/15 MP: 0/7
  1054 | D:2      | Found a bloodstained altar of Trog.
  1154 | D:2      | Found a faded altar of an unknown god.
  1162 | D:2      | Reached XP level 4. HP: 19/19 MP: 3/8
  1964 | D:3      | Reached XP level 5. HP: 19/22 MP: 9/9
  2048 | D:3      | Found a glowing golden altar of the Shining One.
  2160 | D:2      | Learned a level 3 spell: Confusing Touch
  2164 | D:2      | Learned a level 3 spell: Tukima's Dance
  2255 | D:3      | Noticed an ogre
  2269 | D:3      | Killed an ogre
  2270 | D:3      | Reached skill level 5 in Hexes
  2337 | D:3      | Gained mutation: You are covered in thick fur. (AC +2)
                  | [Felid growth]
  2337 | D:3      | Reached XP level 6. HP: 22/26 MP: 3/10
  2547 | D:3      | Noticed Grinder
  2668 | D:3      | Killed Grinder
  2669 | D:3      | Reached skill level 5 in Stealth
  2802 | D:3      | Found a hazy altar of Hepliaklqana.
  3018 | D:4      | Found a glowing drain.
  3034 | Sewer    | Entered a sewer
  3177 | Sewer    | Noticed Pargi
  3195 | Sewer    | Killed Pargi
  3196 | Sewer    | Reached skill level 6 in Stealth
  3196 | Sewer    | Reached XP level 7. HP: 31/31 MP: 8/11
  3698 | D:4      | Found a shimmering blue altar of Sif Muna.
  4104 | D:4      | Noticed Duvessa
  4104 | D:4      | Noticed Dowan
  4504 | D:4      | You fall into a shaft and drop 3 floors!
  4654 | D:7      | Found a flagged portal.
  4736 | D:7      | Learned a level 3 spell: Dazzling Flash
  4759 | D:7      | Reached skill level 7 in Stealth
  4833 | Bailey   | Entered a bailey
  4852 | Bailey   | Reached skill level 1 in Conjurations
  4852 | Bailey   | Reached XP level 8. HP: 36/36 MP: 13/13
  4877 | Bailey   | Reached skill level 5 in Dodging
  4914 | Bailey   | Slain by a spriggan
  4915 | Bailey   | Reached XP level 7. HP: -5/32 MP: 3/12
  4931 | Bailey   | Noticed a two-headed ogre
  4932 | Bailey   | Noticed a spriggan
  4949 | Bailey   | Mangled by a two-headed ogre
  4950 | Bailey   | Reached XP level 6. HP: -6/28 MP: 3/11
  4980 | Bailey   | Slain by a spriggan

Illustrated notes

Levels and vault maps discovered:
D:1:      mainiacjoe_arrival_reflecting_pool, layout_basic
D:2:      layout_basic, hellmonk_ecumenical_altar_arch_garden, basic_altar,
          uniq_terence
D:3:      layout_rooms, mainiacjoe_overflow_alcove_4,
          nicolae_overflow_hidden_temple, serial_undead, serial_undead_b,
          serial_undead_c, serial_undead_e, serial_undead_c, serial_undead_c,
          serial_undead_b, serial_undead_a, corexii_item_surrounded_by_moat,
          kennysheep_generic_room_15, uniq_grinder
D:4:      dreamdust_elfheim, layout_basic, lemuel_doored_altar,
          portal_sewer_entry_f
D:7:      layout_basic, minmay_temple_entry_tees, enter_bailey_5,
          nicolae_water_bricks
Bailey:   bailey_polearm_enchanted_keep_hellmonk, bailey

Skill      XL: |  1  2  3  4  5  6  7  8 |
---------------+-------------------------+-----
Fighting       | 1 2 3 4 |  4.0
Unarmed Combat | 2 4 |  4.0
Ice Magic      | 1 2 3 |  3.0
Hexes          | 5 |  5.0
Stealth        | 6 7 |  7.4
Dodging        | 3 4 5 |  5.0
Spellcasting   | 3 |  3.0
Conjurations   | 1 |  1.6

Action                     |  1- 3 |  4- 6 |  7- 9 || total
---------------------------+-------+-------+-------++-------
  Melee: Unarmed           |    89 |   135 |    72 ||   296
         Bite              |    10 |    20 |     7 ||    37
         Punch             |     1 |     3 |     1 ||     5
   Cast: Ensorcelled Hiber |    10 |    21 |    33 ||    64
         Confusing Touch   |       |     2 |     1 ||     3
         Tukima's Dance    |       |     3 |       ||     3
    Use: Scroll            |       |       |     3 ||     3
   Stab: Sleeping          |    11 |    17 |    12 ||    40
         Confused          |       |     2 |     1 ||     3
         Distracted        |       |     2 |       ||     2
 Armour: Skin              |     7 |    15 |    12 ||    34
  Dodge: Dodged            |    65 |   112 |    90 ||   267
